cohdb
Replays
Latest Replays
All Replays
Popular Replays
Top Player Replays
Match Explorer
How It Works
Community
CoH3 Stats
Reddit
Sign in to upload your games and track your stats! →
Sign in with Steam
Match 19766427
Unlisted
Match 19766427
Overview
Messages
Build Orders
End
Construct Barracks
Riflemen Squad
Riflemen Squad
Riflemen Squad
Infantry Support Center
Construct Motor Pool
Engineer Squad
M8 Greyhound Armored Car
Mortar Pit
Construct Medical Station
M1 Mortar Team
Selects Advanced Infantry Battlegroup
Selects Convert to Ranger Squad
Selects Designate Assault Position
Convert to Ranger Squad
Selects Ranger Weapon Training
M1 Anti-tank Gun Team
Convert to Ranger Squad
Selects Ammunition Storage
AI Takeover
Delta_Tiger94
MonoChrome
0
0
Comments
sign in to comment!
No comments posted yet!